 Dungeon Crawl Stone Soup version 0.28.0-47-ge53b351184 (webtiles) character file.

Game seed: 14116715648204801358

382 GigaChad the Covered (level 6, -2/53 HPs)
             Began as a Minotaur Fighter on May 10, 2022.
             Succumbed to a water moccasin's poison
             ... on level 5 of the Dungeon.
             The game lasted 00:08:42 (4222 turns).

GigaChad the Covered (Minotaur Fighter)             Turns: 4222, Time: 00:08:43

Health: -2/53      AC:  7    Str: 20    XL:     6   Next: 47%
Magic:  5/5        EV:  9    Int:  8    God:
Gold:   263        SH:  5    Dex: 12    Spells: 5/5 levels left

rFire   . . .      SeeInvis .   h - +6 whip of Thoughtfulness {venom, Int+3 Stlth+}
rCold   . . .      Faith    .   c - +0 buckler
rNeg    . . .      Spirit   .   b - +0 scale mail
rPois   .          Reflect  .   (helmet restricted)
rElec   .          Harm     .   (no cloak)
rCorr   .          Rampage  .   (no gloves)
Will    .....                   (no boots)
Stlth   +.........              (no amulet)
HPRegen 0.17/turn               (no ring)
MPRegen 0.09/turn               (no ring)

@: lethally poisoned (-2 -> -16)
A: horns 2, retaliatory headbutt
a: no special abilities


You were on level 5 of the Dungeon.
You visited 2 branches of the dungeon, and saw 6 of its levels.

You collected 263 gold pieces.

Inventory:

Hand Weapons
 a - a +0 long sword
 h - the +6 whip of Thoughtfulness (weapon) {venom, Int+3 Stlth+}
   (You found it on level 2 of the Dungeon)

   It poisons the flesh of those it strikes.
   Int:       It affects your intelligence (+3).
   Stlth:     It makes you more stealthy.
 m - a +1 mace of holy wrath
Armour
 b - a +0 scale mail (worn)
 c - a +0 buckler (worn)
Jewellery
 g - a ring of protection from fire
 p - an amulet of guardian spirit
Wands
 n - a wand of paralysis (13)
Scrolls
 e - a scroll of magic mapping
 i - a scroll of identify
Potions
 d - a potion of might
 f - a potion of resistance {unknown}
 j - a potion of invisibility {unknown}
 k - a potion of berserk rage {unknown}
 l - a potion of heal wounds {unknown}
 o - 2 potions of brilliance {unknown}
 q - a potion of curing {unknown}


   Skills:
 + Level 4.7 Fighting
 + Level 3.7 Long Blades
 + Level 3.3 Maces & Flails
 + Level 5.9 Armour
 + Level 1.3 Dodging
 + Level 0.1 Stealth
 + Level 4.5 Shields


You had 5 spell levels left.
You didn't know any spells.
Your spell library contained the following spells:

 Spells                   Type           Power      Damage    Failure   Level
 Slow                     Hex            0%         N/A       83%         1
 Gell's Gravitas          Tloc           0%         N/A       99%         3
 Lesser Beckoning         Tloc           0%         N/A       99%         3
 Teleport Other           Tloc           0%         N/A       99%         3


Dungeon Overview and Level Annotations

Branches:
Dungeon (5/15)             Temple (1/1) D:4

Altars:
Elyvilon
Fedhas
Gozag
Hepliaklqana
Makhleb
Okawaru
Qazlal
Ru
Sif Muna
Trog
Vehumet
Wu Jian
Xom
Yredelemnul
Zin
The Shining One


Innate Abilities, Weirdness & Mutations

You have a pair of horns on your head.
You reflexively headbutt those who attack you in melee.


Message History

The iguana hisses angrily.
Your headbutt misses the water moccasin.
You feel sick.
Something shouts, "Scamper hence, thou hateful dizzy-eyed death-token!"
You block the water moccasin's attack. The scorpion stings you.
The water moccasin bites you. The scorpion barely misses you.
You whack the water moccasin!
The water moccasin is heavily wounded.
You feel sick. The water moccasin closely misses you. The scorpion stings you.
A white imp comes into view.
You whack the water moccasin!
The water moccasin is severely wounded.
You feel sick. You block the water moccasin's attack. The scorpion stings you!
You are more poisoned.
The scorpion poisons you!
You miss the water moccasin.
Your headbutt misses the water moccasin.
The water moccasin is severely wounded.
You feel very sick. You block the water moccasin's attack.
The scorpion stings you but does no damage.
The water moccasin bites you.
* * * LOW HITPOINT WARNING * * *
You are lethally poisoned!
The water moccasin poisons you!
As you read the scroll labelled KENTEL XOWY, it crumbles to dust.
It is a scroll of identify.
e - a scroll of magic mapping
* * * LOW HITPOINT WARNING * * *
You feel very sick.
The scorpion stings you but does no damage.
The water moccasin bites you.
* * * LOW HITPOINT WARNING * * *
* * * LOW HITPOINT WARNING * * *
You feel very sick. You block the ice beast's attack.
You whack the water moccasin!
Your headbutt misses the water moccasin.
The water moccasin is almost dead.
You die...

.. .. . .# #
.#.# #. #.. ##..
#.###
....5##s..##.###
#l..#SY......
#.goS@# #..####
#.. #.. .+# ..
#. #.


You could see a water moccasin, an ice beast, a scorpion, an iguana, a gnoll, an
adder, a white imp and an orc.

Vanquished Creatures
  A necrophage (D:4)
  A wyvern skeleton (D:4)
  A hound (D:4)
  Jessica (D:2)
  Natasha (D:2)
  2 hound skeletons (D:4)
  6 adders
  An adder skeleton (D:4)
  A worm (D:2)
  A dart slug (D:4)
  6 orcs
  6 ball pythons
  3 endoplasms
  4 giant cockroaches
  6 goblins
  4 hobgoblins
  3 jackals (D:3)
  2 quokkas (D:2)
  12 bats
  A frilled lizard (D:1)
  9 kobolds
  4 rats
76 creatures vanquished.

Vanquished Creatures (others)
  3 toadstools (D:1)
3 creatures vanquished.

Grand Total: 79 creatures vanquished

Notes
Turn   | Place    | Note
-------+----------+-------------------------------------------
     0 | D:1      | GigaChad the Minotaur Fighter began the quest for the Orb.
     0 | D:1      | Reached XP level 1. HP: 19/19 MP: 0/0
   309 | D:1      | Reached XP level 2. HP: 27/27 MP: 1/1
   428 | D:1      | Reached skill level 4 in Armour
   871 | D:2      | Identified the +6 whip of Thoughtfulness {venom, Int+3
                  | Stlth+}
   894 | D:2      | Noticed Jessica
   900 | D:2      | Killed Jessica
   901 | D:2      | Reached XP level 3. HP: 33/33 MP: 2/2
  1316 | D:2      | Noticed Natasha
  1321 | D:2      | Killed Natasha
  1322 | D:2      | Reached XP level 4. HP: 39/40 MP: 3/3
  1970 | D:3      | Found a faded altar of an unknown god.
  1992 | D:3      | Got Plato's Grimoire of Execration
  2907 | D:4      | Reached skill level 5 in Armour
  2907 | D:4      | Reached XP level 5. HP: 40/46 MP: 4/4
  3126 | D:4      | Reached skill level 1 in Maces & Flails
  3188 | D:4      | Noticed a necrophage
  3199 | D:4      | Killed a necrophage
  3200 | D:4      | Reached skill level 1 in Dodging
  3250 | D:4      | Reached XP level 6. HP: 53/53 MP: 5/5
  3394 | D:4      | Found a staircase to the Ecumenical Temple.
  3417 | Temple   | Entered the Ecumenical Temple
  3621 | D:4      | Found Togeodgh's Mayhem Merchandise.
  4210 | D:5      | Entered Level 5 of the Dungeon
  4210 | D:5      | Noticed a water moccasin
  4215 | D:5      | Noticed an ice beast
  4221 | D:5      | HP: 1/53 [poisoned by a water moccasin]
  4222 | D:5      | Succumbed to a water moccasin's poison

Illustrated notes

Levels and vault maps discovered:
D:1:      enne_arrival_octagon_isle, layout_basic, serial_glass,
          glass_columns_b, glass_columns_a, minmay_crystal_room,
          minmay_gold_behind_fungi, minmay_misc_feat_rugged
D:2:      layout_basic, grunt_decor_mini_mirrors, uniq_natasha, uniq_jessica
D:3:      layout_basic, shapermc_ecumenical_altar_rom_forum, serial_aquarium,
          aquarium_bridge_straight [aquarium_subvault_bridge,
          aquarium_subvault_window, aquarium_subvault_bridge,
          aquarium_subvault_balcony], aquarium_window_corner,
          aquarium_window_fake, aquarium_window_1, aquarium_window_2,
          aquarium_view_2b, aquarium_balcony_5a, aquarium_pool_2,
          roderic_batcave
D:4:      layout_layer_cave, minmay_temple_entry_mini_moons,
          minmay_misc_feat_cross, minivault_11, minmay_shop_mayhem,
          minmay_misc_feat_tower
D:5:      layout_basic, minmay_fractal_squares_diagonal_5
Temple:   lightli_temple_of_artemis

Skill      XL: |  1  2  3  4  5  6 |
---------------+-------------------+-----
Armour         | 4 5 |  5.9
Fighting       | 4 |  4.7
Long Blades    | 3 |  3.7
Shields        | 4 |  4.5
Maces & Flails | 2 3 |  3.3
Dodging        | 1 |  1.3
Stealth        | |  0.1

Action                   |  1- 3 |  4- 6 || total
-------------------------+-------+-------++-------
Melee: Long sword        |    25 |       ||    25
       Headbutt          |     6 |    14 ||    20
       Whip              |    14 |    90 ||   104
  Use: Scroll            |       |     1 ||     1
Armor: Scale mail        |    18 |    68 ||    86
Dodge: Dodged            |    22 |    68 ||    90
Block: Buckler           |     7 |    30 ||    37
